 Dungeon Crawl Stone Soup version 0.29.1-15-g9cfb28693d (webtiles) character file.

Game seed: 5253939182946079131

110974 BuddhaDhamma the Executioner (level 16, -3/170 HPs)
             Began as a Minotaur Berserker on Mar 21, 2023.
             Was the Champion of Trog.
             Slain by an ettin
             ... wielding a +0 dire flail
              (20 damage)
             ... on level 15 of the Dungeon on Mar 22, 2023.
             The game lasted 00:52:50 (28830 turns).

BuddhaDhamma the Executioner (Minotaur Berserker)  Turns: 28830, Time: 00:52:50

Health: -3/170     AC: 21    Str: 35    XL:     16   Next: 8%
Magic:  22/22      EV: 12    Int: 15    God:    Trog [******]
Gold:   1364       SH:  5    Dex: 27    Spells: 15/15 levels left

rFire   . . .      SeeInvis .   b - +6 executioner's axe "Enyu" {venom, rCorr Int+8 Stlth-}
rCold   . . .      Faith    .   (shield currently unavailable)
rNeg    . . .      Spirit   .   t - +3 scale mail "Redank" {MP+9 Dex+8}
rPois   +          Reflect  +   (helmet restricted)
rElec   .          Harm     .   D - +2 cloak {rPois}
rCorr   +          Rampage  .   j - +1 pair of gloves "Diublil" {rPois Dex+3}
Will    ++...                   z - +2 pair of boots
Stlth   ..........              R - amulet of reflection
HPRegen 0.38/turn               P - ring "Renu" {*Corrode Will+ AC+4 Int+3 Dex+5}
MPRegen 0.18/turn               n - +6 ring of strength

@: marked, on berserk cooldown, slowed, studying Unarmed Combat, very slow
A: horns 2, retaliatory headbutt, hooves 1, low MP 1, evolution 1
a: Renounce Religion, Berserk, Trog's Hand, Brothers in Arms


You were on level 15 of the Dungeon.
You worshipped Trog.
Trog was exalted by your worship.
You visited 3 branches of the dungeon, and saw 22 of its levels.
You visited the Abyss 1 time.

You collected 1899 gold pieces.
You spent 535 gold pieces at shops.

Inventory:

Hand Weapons
 b - the +6 executioner's axe "Enyu" (weapon) {venom, rCorr Int+8 Stlth-}
   (You acquired it on level 5 of the Dungeon)

   It poisons the flesh of those it strikes.
   Int:       It affects your intelligence (+8).
   rCorr:     It protects you from acid and corrosion.
   Stlth:     It makes you less stealthy.
 Q - a +6 vorpal executioner's axe
Missiles
 w - 18 boomerangs (quivered)
Armour
 j - the +1 pair of gloves "Diublil" (worn) {rPois Dex+3}
   (You found it on level 2 of the Dungeon)

   Dex:       It affects your dexterity (+3).
   rPois:     It protects you from poison.
 t - the +3 scale mail "Redank" (worn) {MP+9 Dex+8}
   (You found it on level 7 of the Dungeon)

   Dex:       It affects your dexterity (+8).
   MP:        It affects your magic capacity (+9).
 z - a +2 pair of boots (worn)
 D - a +2 cloak of poison resistance (worn)
Jewellery
 g - a +6 ring of dexterity
 i - an amulet of the acrobat
 k - a ring of ice
 l - a ring of protection from cold
 n - a +6 ring of strength (right hand)
 E - a ring of protection from fire
 G - a +4 ring of evasion
 M - a +6 ring of dexterity
 P - the ring "Renu" (left hand) {*Corrode Will+ AC+4 Int+3 Dex+5}
   (You found it on level 14 of the Dungeon)

   [ring of protection]

   AC:        It affects your AC (+4).
   Int:       It affects your intelligence (+3).
   Dex:       It affects your dexterity (+5).
   *Corrode:  It may corrode you when you take damage.
   Will:      It increases your willpower.
 R - an amulet of reflection (around neck)
Wands
 a - a wand of roots (8)
 m - a wand of digging (4)
 q - a wand of polymorph (14)
 u - a wand of quicksilver (5)
 y - a wand of mindburst (10)
 A - a wand of charming (2)
 H - a wand of flame (23)
Scrolls
 d - 6 scrolls of fog
 h - 2 scrolls of identify
 r - a scroll of fear
 J - 2 scrolls of blinking
 L - 7 scrolls of teleportation
 N - a scroll of enchant armour
Potions
 c - 13 potions of curing
 e - 3 potions of flight
 f - a potion of cancellation
 o - 3 potions of lignification
 p - a potion of heal wounds
 s - 6 potions of might
 v - a potion of magic
 x - a potion of ambrosia
 B - a potion of resistance
 C - 3 potions of haste
 F - a potion of berserk rage
 I - a potion of degeneration
Miscellaneous
 K - a condenser vane
 O - a lightning rod (4/4)


   Skills:
 + Level 22.7 Fighting
 + Level 25.1 Axes
 - Level 2.4 Armour
 - Level 2.1 Dodging


You had 15 spell levels left.
You didn't know any spells.
Your spell library was empty.

Dungeon Overview and Level Annotations

Branches:
Dungeon (15/15)            Temple (0/1) D:5            Lair (5/5) D:8
  Swamp (0/4) Lair:2       Spider (0/4) Lair:3        Slime (0/5) Lair:5
    Orc (2/2) D:12            Elf (0/3) Orc:2        Vaults (0/5) D:13
 Depths: D:15

Altars:
Ashenzari
Fedhas
Hepliaklqana
Kikubaaqudgha
Makhleb
Xom
Yredelemnul
Jiyva

Shops:
Orc:2 *(*=

Portals:
Pandemonium: Orc:2

Annotations:
D:7 2 runed translucent doors
D:11 1 runed translucent door, firemarshallily's ghost, journeyman NaBr
Lair:5 exclusion: 3 oklob plants


Innate Abilities, Weirdness & Mutations

You have a pair of horns on your head.
You reflexively headbutt those who attack you in melee.
You have large cloven feet.
Your magical capacity is low. (-10% MP)
You have hidden genetic potential.


Message History

The yaktaur hits you but does no damage.
You open the centaur like a pillowcase!!!!
You kill the centaur!
Trog accepts your kill.
You hit the ettin.
The ettin is poisoned.
You slice the centaur warrior!!
You kill the centaur warrior!
Trog accepts your kill.
You slice the yaktaur!!
The yaktaur is poisoned.
A tengu warrior comes into view. It is wielding a +2 battleaxe.
The ettin hits you with a +0 dire flail.
The ettin hits you with a +0 dire flail!!
The yaktaur hits you but does no damage.
The ettin attacks as you move away! The ettin barely misses you.
The ettin misses you.
The deep elf zephyrmancer gestures wildly while chanting.
The deep elf zephyrmancer blinks!
The yaktaur misses you.
A tengu conjurer comes into view.
You see here a +0 shortbow.
You slice the yaktaur!!
You kill the yaktaur!
Trog accepts your kill.
You slice the ettin!! The ettin barely misses you. You furiously retaliate!
You headbutt the ettin. The ettin barely misses you.
The ettin barely misses you. The ettin misses you.
The deep elf zephyrmancer points at you and mumbles some strange words.
The bolt of lightning hits you!!
The ettin hits you with a +0 dire flail!!
* * * LOW HITPOINT WARNING * * *
The ettin hits you with a +0 dire flail!!
* * * LOW HITPOINT WARNING * * *
Things that are here:
a +0 arbalest; a +0 robe; a yaktaur corpse You slice the deep elf zephyrmancer!!
Your headbutt misses the deep elf zephyrmancer.
The deep elf zephyrmancer is heavily wounded.
You slash the ettin!
The ettin looks as sick as possible!
The deep elf zephyrmancer closely misses you.
You furiously retaliate!
You headbutt the deep elf zephyrmancer.
The ettin hits you with a +0 dire flail!!
You die...

#...# #..).......# #...#
#..........# #...#
#......)...# #...#
#......))..# #...#
#......<...# .####...#
#.....†))..#
........####..............
.........))...............
#..####..#####)@..........
#..# #Ce########.. #..#
#QT# .. #..# #.Q# #..#
#..# #..# #).# ...#
#.....g... ....
..........? ....#######g#


You could see an ettin (extremely poisoned), a tengu warrior, a deep troll, a
deep elf zephyrmancer and a tengu conjurer.

Vanquished Creatures
  Azrael (D:13)
  Snorg (D:13)
  2 fire dragons
  3 hydras
  3 boulder beetles
  The ghost of OhDinosaurWizard the Covert, a journeyman DsGl of Qazlal (Lair:2)
  3 catoblepae
  3 demonspawn (Orc:2)
  3 vault guards (D:13)
  7 centaur warriors
  An ogre mage (D:15)
  11 death yaks
  8 two-headed ogres
  2 tengu warriors (D:13)
  6 orc high priests (Orc:2)
  A fire crab (Lair:5)
  5 skeletal warriors (D:13)
  A wizard (D:13)
  A bog body (Lair:2)
  2 necromancers (D:13)
  6 deep elf pyromancers
  4 orc knights (Orc:2)
  6 orc sorcerers
  2 manticores
  11 elephants
  18 ugly things
  7 cyclopes
  13 black mambas
  11 cane toads
  An orange demon (Orc:2)
  3 gargoyles
  3 molten gargoyles (Lair:5)
  3 rime drakes
  4 tengu conjurers
  10 komodo dragons
  A komodo dragon (shapeshifter) (D:14)
  3 yaktaurs (D:15)
  A kobold demonologist (D:14)
  An ice devil (Orc:2)
  5 trolls
  3 meliai (D:13)
  3 polar bears
  Prince Ribbit (Lair:1)
  2 hornets
  8 slime creatures
  14 dream sheep
  23 blink frogs
  A centaur simulacrum (D:14)
  A culicivora (Lair:3)
  2 wraiths
  9 wyverns
  6 basilisks
  2 vampires
  42 yaks
  18 humans (D:13)
  2 fire elementals (D:13)
  2 chaos spawn (Orc:2)
  A redback (shapeshifter) (D:15)
  4 steam dragons
  A neqoxec (Orc:2)
  4 vampire mosquitoes (D:14)
  3 wargs (Orc:2)
  Menkaure (D:6)
  2 swamp worms (Lair:2)
  7 water moccasins
  7 hell hounds
  An acid dragon (D:13)
  34 orc warriors
  3 black bears
  9 ogres
  3 boggarts (D:15)
  23 centaurs
  The ghost of sigtrap the Shooter, an amateur KoHu (D:3)
  4 kobold brigands
  Blork the orc (D:5)
  11 bullfrogs
  3 scorpions (D:7)
  3 gnoll sergeants
  5 wights
  3 killer bees (D:10)
  6 howler monkeys
  3 electric eels
  5 lava snakes (Lair:5)
  5 hounds
  24 orc priests
  Natasha (thrice) (D:4)
  3 iguanas
  18 orc wizards
  11 hell rats
  Ijyb (D:3)
  4 adders
  14 gnolls
  A shadow imp (D:8)
  15 white imps
  2 ufetubi
  5 dart slugs
  63 orcs
  3 ball pythons
  5 bats
  3 endoplasms
  6 giant cockroaches
  A goblin (D:3)
  6 hobgoblins
  2 quokkas
  2 frilled lizards
  22 kobolds
  4 rats
  A spectral orc (D:11)
689 creatures vanquished.

Vanquished Creatures (collateral kills)
  A troll (D:12)
  6 orc warriors (D:12)
  2 ogres (D:12)
  2 gnoll sergeants (D:12)
  2 gnolls (D:12)
  An orc (D:12)
14 creatures vanquished.

Vanquished Creatures (others)
  A boggart (D:15)
  27 fungi
  80 plants
  2 withered plants (Lair:2)
110 creatures vanquished.

Grand Total: 813 creatures vanquished

Notes
Turn   | Place    | Note
-------+----------+-------------------------------------------
     0 | D:1      | BuddhaDhamma the Minotaur Berserker began the quest for the
                  | Orb.
     0 | D:1      | Reached XP level 1. HP: 19/19 MP: 0/0
    73 | D:1      | Reached skill level 4 in Axes
   250 | D:1      | Reached XP level 2. HP: 26/26 MP: 1/1
   823 | D:2      | Identified the +1 pair of gloves "Diublil" {rPois Dex+3}
   933 | D:2      | Reached skill level 5 in Axes
  1054 | D:2      | Found a blossoming altar of Fedhas.
  1432 | D:3      | Reached XP level 3. HP: 31/31 MP: 2/2
  1454 | D:3      | Noticed a black bear
  1465 | D:3      | Killed a black bear
  1466 | D:3      | Reached skill level 6 in Axes
  1466 | D:3      | Reached XP level 4. HP: 12/39 MP: 3/3
  1694 | D:3      | Noticed sigtrap's ghost (amateur KoHu)
  1697 | D:3      | Found a runed translucent door.
  1764 | D:3      | Reached ** piety under Trog
  1821 | D:3      | Reached XP level 5. HP: 45/45 MP: 4/4
  1832 | D:3      | Reached skill level 7 in Axes
  2027 | D:3      | Noticed Ijyb
  2035 | D:3      | Killed Ijyb
  2047 | D:3      | Found a faded altar of an unknown god.
  2233 | D:3      | Killed sigtrap's ghost
  2309 | D:4      | Reached skill level 8 in Axes
  2453 | D:4      | Reached XP level 6. HP: 49/51 MP: 5/5
  2869 | D:4      | Noticed Natasha
  2875 | D:4      | Killed Natasha
  2876 | D:4      | Reached skill level 9 in Axes
  2908 | D:4      | Noticed Natasha
  2922 | D:4      | Killed Natasha
  3003 | D:4      | Noticed Natasha
  3014 | D:4      | Killed Natasha
  3764 | D:5      | Entered Level 5 of the Dungeon
  3800 | D:5      | Reached XP level 7. HP: 54/57 MP: 6/6
  3917 | D:5      | Reached skill level 10 in Axes
  4422 | D:5      | Found a staircase to the Ecumenical Temple.
  4440 | D:5      | Noticed Blork the orc
  4446 | D:5      | Killed Blork the orc
  4896 | D:5      | Identified a scroll of acquirement
  4896 | D:5      | Acquired the +6 executioner's axe "Enyu" {venom, rCorr
                  | Int+8 Stlth-}
  5002 | D:6      | Found a burning altar of Makhleb.
  5170 | D:6      | Reached skill level 11 in Axes
  5302 | D:6      | Reached XP level 8. HP: 32/64 MP: 7/7
  5470 | D:6      | Noticed Menkaure
  5473 | D:6      | Killed Menkaure
  5474 | D:6      | Reached skill level 12 in Axes
  6060 | D:7      | Found a large runed translucent door.
  6061 | D:7      | Found a large runed translucent door.
  6070 | D:7      | Noticed a cyclops
  6076 | D:7      | Found a large runed translucent door.
  6076 | D:7      | Found a large runed translucent door.
  6083 | D:7      | Reached skill level 13 in Axes
  6105 | D:7      | Reached skill level 5 in Fighting
  6105 | D:7      | Killed a cyclops
  6106 | D:7      | Reached XP level 9. HP: 75/75 MP: 8/8
  6124 | D:7      | Identified the +1 trident "Demon's Demise" {spect, Fly rC+
                  | Str+2 Int-4}
  6141 | D:7      | Noticed a troll
  6144 | D:7      | Killed a troll
  6148 | D:7      | Reached *** piety under Trog
  6371 | D:7      | Reached skill level 14 in Axes
  6450 | D:7      | Noticed a boulder beetle
  6464 | D:7      | Killed a boulder beetle
  7037 | D:7      | Reached skill level 15 in Axes
  7130 | D:7      | Identified the +3 scale mail "Redank" {MP+9 Dex+8}
  7470 | D:7      | Reached XP level 10. HP: 91/91 MP: 9/9
  7583 | D:8      | Found a staircase to the Lair.
  7701 | D:8      | Reached skill level 10 in Fighting
  8258 | D:8      | Found a shimmering altar of Xom.
  8276 | D:8      | Found a hazy altar of Hepliaklqana.
  8297 | D:8      | Reached skill level 16 in Axes
  8540 | D:9      | Reached **** piety under Trog
  8566 | D:9      | Paralysed by a hornet for 3 turns
  8947 | D:9      | Noticed a two-headed ogre
  8952 | D:9      | Killed a two-headed ogre
  9322 | D:9      | Reached XP level 11. HP: 73/104 MP: 10/10
  9923 | D:10     | Entered Level 10 of the Dungeon
  9991 | D:10     | Noticed a two-headed ogre
  9996 | D:10     | Killed a two-headed ogre
 10066 | D:10     | Found an ancient bone altar of Kikubaaqudgha.
 10131 | D:10     | Found a broken altar of Ashenzari.
 10203 | D:10     | Noticed a two-headed ogre
 10215 | D:10     | Killed a two-headed ogre
 10216 | D:10     | Reached skill level 17 in Axes
 10291 | D:10     | Noticed a two-headed ogre
 10295 | D:10     | Killed a two-headed ogre
 10843 | D:11     | Noticed a two-headed ogre
 10853 | D:11     | Killed a two-headed ogre
 11150 | D:11     | Reached ***** piety under Trog
 11482 | D:11     | Found a basalt altar of Yredelemnul.
 11515 | D:11     | Found a shimmering altar of Xom.
 11515 | D:11     | Noticed firemarshallily's ghost (journeyman NaBr)
 11515 | D:11     | Noticed a +0 mace of chaos
 11516 | D:11     | Found a runed translucent door.
 11759 | D:12     | Noticed a deep elf pyromancer
 11767 | D:12     | Killed a deep elf pyromancer
 11768 | D:12     | Reached skill level 18 in Axes
 12218 | D:12     | Found a staircase to the Orcish Mines.
 12231 | D:12     | Reached XP level 12. HP: 102/118 MP: 11/11
 12579 | D:12     | Noticed a boulder beetle
 12646 | D:12     | Killed a boulder beetle
 12647 | D:12     | Reached skill level 15 in Fighting
 13093 | D:13     | Noticed Azrael
 13198 | Lair:1   | Entered Level 1 of the Lair of Beasts
 13214 | Lair:1   | Reached skill level 19 in Axes
 13341 | Lair:1   | Noticed Prince Ribbit
 13350 | Lair:1   | Received a gift from Trog
 13355 | Lair:1   | Killed Prince Ribbit
 13395 | Lair:1   | Noticed a death yak
 13415 | Lair:1   | Killed a death yak
 13486 | Lair:1   | Noticed a death yak
 13486 | Lair:1   | Noticed a death yak
 13486 | Lair:1   | Noticed a death yak
 13506 | Lair:1   | Noticed a death yak
 13507 | Lair:1   | Killed a death yak
 13509 | Lair:1   | Noticed a death yak
 13510 | Lair:1   | Killed a death yak
 13516 | Lair:1   | Killed a death yak
 13518 | Lair:1   | Killed a death yak
 13520 | Lair:1   | Killed a death yak
 14369 | Lair:2   | Reached skill level 20 in Axes
 14749 | Lair:2   | You fall into a shaft and drop 1 floor!
 14749 | Lair:3   | Noticed a catoblepas
 14775 | Lair:3   | Killed a catoblepas
 14776 | Lair:3   | Reached XP level 13. HP: 122/130 MP: 12/12
 15422 | Lair:2   | Found a runed translucent door.
 15447 | Lair:2   | Noticed OhDinosaurWizard's ghost (journeyman DsGl)
 15709 | Lair:2   | Killed OhDinosaurWizard's ghost
 16016 | Lair:2   | Found a staircase to the Swamp.
 16552 | Lair:3   | Identified the +4 short sword "Jefuist" {venom, rElec rPois
                  | Stlth+}
 16795 | Lair:3   | Reached skill level 21 in Axes
 17098 | Lair:3   | Found a hole to the Spider Nest.
 17312 | Lair:3   | Noticed a fire dragon
 17322 | Lair:3   | Killed a fire dragon
 17763 | Lair:4   | Received a gift from Trog
 18025 | Lair:4   | Reached XP level 14. HP: 132/144 MP: 13/13
 18590 | Lair:5   | Entered Level 5 of the Lair of Beasts
 18673 | Lair:5   | Identified the +6 short sword "Vuohut" {venom, MP-9 Str+5
                  | Dex+5}
 18701 | Lair:5   | Reached skill level 22 in Axes
 19173 | Lair:5   | Found a viscous altar of Jiyva.
 19173 | Lair:5   | Found a staircase to the Slime Pits.
 20401 | Lair:5   | Found a large runed translucent door.
 20402 | Lair:5   | Found a large runed translucent door.
 21797 | D:13     | Killed Azrael
 21973 | D:13     | Reached skill level 23 in Axes
 22391 | D:13     | Noticed Snorg
 22402 | D:13     | Reached ****** piety under Trog
 22454 | D:13     | HP: 5/149 [centaur/arrow[a centaur warrior] (9)]
 22456 | D:13     | Gained mutation: You have hidden genetic potential. [potion
                  | of mutation]
 23101 | D:13     | Received a gift from Trog
 23105 | Abyss:2  | Cast into level 2 of the Abyss (a wizard)
 23115 | D:13     | Escaped the Abyss
 23341 | D:13     | Reached XP level 15. HP: 108/146 MP: 14/14
 23632 | D:13     | Found a gate to the Vaults.
 23703 | D:13     | Killed Snorg
 25102 | D:14     | Reached skill level 24 in Axes
 25159 | D:14     | Identified the ring "Renu" {*Corrode Will+ AC+4 Int+3
                  | Dex+5}
 25555 | D:14     | Received a gift from Trog
 25856 | Orc:1    | Entered Level 1 of the Orcish Mines
 26294 | Orc:2    | Entered Level 2 of the Orcish Mines
 26523 | Orc:2    | Found a staircase to the Elven Halls.
 26859 | Orc:2    | Found Vaila's General Store.
 27180 | Orc:2    | Found Rola's General Store.
 27310 | Orc:2    | Bought a potion of heal wounds for 85 gold pieces
 27337 | Orc:2    | Gained mutation: Your magical capacity is low. (-10% MP) [a
                  | neqoxec]
 27436 | Orc:2    | Gained mutation: You have large cloven feet. [hidden
                  | potential]
 28046 | Orc:2    | Found Xegik's Jewellery Emporium.
 28046 | Orc:2    | Found Fagoif's Antique Weapon Shoppe.
 28046 | Orc:2    | Found a one-way gate leading to the halls of Pandemonium.
 28064 | Orc:2    | Bought an amulet of reflection for 450 gold pieces
 28459 | Orc:2    | Received a gift from Trog
 28642 | D:15     | Entered Level 15 of the Dungeon
 28664 | D:15     | Reached XP level 16. HP: 140/170 MP: 13/13
 28668 | D:15     | Reached skill level 25 in Axes
 28830 | D:15     | Slain by an ettin

Illustrated notes

Levels and vault maps discovered:
D:1:      dpeg_arrival_oval, layout_basic
D:2:      layout_loops_ring, basic_altar
D:3:      layout_loops_ring, hellmonk_ghost_happy_afterlife,
          ebering_ecumenical_altar_hall, uniq_ijyb
D:4:      layout_basic, grunt_decor_arrowhead, dreamdust_gnoll_farm,
          uniq_natasha
D:5:      layout_loops_ring, minmay_temple_entry_fiery, uniq_blork_the_orc
D:6:      minmay_klotski, layout_loops_ring, mainiacjoe_overflow_24_doors,
          uniq_menkaure
D:7:      layout_loops_corners, minmay_hollow_rounded_squares
D:8:      layout_basic, worldfamousw_hep_ancestral_shrine, kennysheep_mini,
          lair_entry_dummy, hangedman_decor_opposing
D:9:      layout_layer_cave, minmay_diced_spiral
D:10:     layout_rooms, mainiacjoe_overflow_boulevard,
          mainiacjoe_overflow_cross_hatched
D:11:     layout_irregular_city, ebering_ghost_xom,
          chequers_serial_rivers_micro_b, yredelemnul_forgotten_temple_becter
D:12:     layout_roguey, kennysheep_orc_monster_closet_entryway, st_stairs_5,
          grunt_decor_clamped
D:13:     layout_rooms, grunt_vaults_entry_tiered, gauntlet_entry_generic,
          uniq_snorg, uniq_azrael
D:14:     layout_gridville, serial_bayou, serial_bayou_shore_b,
          serial_bayou_pond_c, serial_bayou_shore_a, serial_bayou_pond_b,
          serial_bayou_shore_b, serial_bayou_pond_e, minivault_4,
          grunt_ministairs_8
D:15:     hangedman_depths_entry_civil_slaughter, layout_small_grid,
          skrybe_limestone_x
Lair:1:   layout_roguey, eino_small_chamber_without_monster, grunt_megastairs_4,
          uniq_prince_ribbit2
Lair:2:   layout_cave_pods, nicolae_swamp_entry_splash_gauntlet,
          gammafunk_ghost_grave, nicolae_quartered_pool_super,
          cheibrodos_lair_caveside_slide, minmay_lindwurm_lava
Lair:3:   dragon1_lemuel, layout_chaotic_city, spider_nest_entry_rubble,
          portal_ice_cave_entry_imps, kennysheep_catoblepas_arena
Lair:4:   layout_small_grid, grunt_megastairs_2
Lair:5:   cheibrodos_lair_end_hotspot, layout_hall_layers,
          dpeg_slime_entry_enclosed, dpeg_oklob_1
Orc:1:    layout_caves, basic_altar
Orc:2:    pf_orc_diabolical, layout_diamond_mine

Skill      XL: |  1  2  3  4  5  6  7  8  9 10 11 12 13 14 15 16 |
---------------+-------------------------------------------------+-----
Axes           | 4 5 6 8 9 11 13 15 16 18 20 21 23 24 25 | 25.1
Fighting       | 6 9 12 14 16 18 20 22 | 22.7
Armour         | |  2.4
Dodging        | |  2.1

Action                   |  1- 3 |  4- 6 |  7- 9 | 10-12 | 13-15 | 16-18 || total
-------------------------+-------+-------+-------+-------+-------+-------++-------
Melee: Hand axe          |    55 |    94 |    29 |       |       |       ||   178
       Headbutt          |     8 |    18 |    20 |    45 |   170 |     5 ||   266
       Unarmed           |       |     4 |       |       |       |       ||     4
       Punch             |       |     2 |     1 |       |       |       ||     3
       Executioner's axe |       |       |    98 |   239 |   747 |    22 ||  1106
Throw: Boomerang         |       |       |    15 |       |       |       ||    15
Invok: Berserk           |       |     4 |     2 |     6 |    12 |     2 ||    26
       Brothers in Arms  |       |       |       |     1 |       |       ||     1
Evoke: Wand              |       |       |       |     2 |     3 |       ||     5
  Use: Scroll            |       |       |    14 |    13 |     6 |       ||    33
       Potion            |       |       |       |       |     5 |       ||     5
 Stab: Distracted        |       |       |       |     1 |       |       ||     1
Armor: Animal skin       |     5 |       |       |       |       |       ||     5
       Ring mail         |    24 |    21 |     8 |       |       |       ||    53
       Scale mail        |       |       |    36 |   110 |   270 |    24 ||   440
Dodge: Dodged            |    41 |    47 |    84 |   148 |   462 |    35 ||   817
Block: Other             |       |       |       |       |     7 |     4 ||    11
       Reflection        |       |       |       |       |     2 |     1 ||     3
